Map: Ewiges Imperium LE

Players

Cuddlebear - Winner!

  • Race: Terran Terran
  • Spawn Location: 1:00

HateMe

  • Race: Zerg Zerg
  • Spawn Location: 7:00

Event: IEM Katowice 2020

VOD

Have the link to the VOD?

Description

Time

  • Played on: Feb. 25, 2020, 9:55 a.m.
  • Length: 9:27

All games in this series

Show
View Real Time Build Order
Export as new Build Order

Cuddlebear Terran - Winner!

Build Orders: Reaper Expand 

Get SALT Encoding   

  12  0:00  SCV  
  13  0:12  SCV  
  14  0:18  Supply Depot  
  14  0:24  SCV  
  15  0:39  SCV  
  15  0:40  Barracks  
  16  0:45  Refinery  
  16  0:51  SCV  
  17  1:03  SCV  
  18  1:15  SCV  
  19  1:28  Reaper, Orbital Command  
  20  1:42  Command Center  
  20  1:50  Supply Depot  
  20  1:53  SCV  
  21  2:00  Marine  
  22  2:07  Factory  
  22  2:09  SCV  
  23  2:22  Barracks Reactor  
  23  2:23  SCV  
  24  2:40  SCV  
  25  2:49  Command Center  
  25  2:52  SCV  
  25  2:56  Barracks  
  26  3:01  Orbital Command  
  26  3:07  SCV  
  26  3:11  Hellion  
  29  3:15  Hellion  
  29  3:19  Barracks Tech Lab  
  31  3:21  SCV  
  32  3:32  SCV  
  32  3:33  SCV  
  34  3:34  Hellion  
  34  3:39  Stimpack  
  36  3:44  SCV  
  36  3:45  Marine, SCV  
  39  3:50  Refinery  
  39  3:56  SCV  
  39  3:57  SCV  
  39  4:00  Starport  
  39  4:01  Orbital Command  
  41  4:03  Marine  
  41  4:04  Marine x2  
  41  4:06  Factory Reactor  
  41  4:08  SCV  
  41  4:09  SCV  
  46  4:20  SCV  
  46  4:21  Marine x2, SCV  
  50  4:24  Marine  
  50  4:28  SCV, Supply Depot  
  52  4:32  SCV  
  52  4:33  SCV  
  54  4:39  Marine x2  
  54  4:40  SCV  
  54  4:42  Engineering Bay  
  54  4:43  Engineering Bay  
  54  4:44  SCV  
  59  4:46  SCV  
  59  4:48  Medivac  
  59  4:49  Medivac  
  59  4:51  Supply Depot  
  63  4:53  SCV  
  63  4:54  Refinery  
  63  4:55  Refinery  
  63  4:58  Marine  
  63  4:59  SCV  
  66  5:00  SCV  
  66  5:03  Marine x2  
  69  5:09  Terran Infantry Weapons Level 1  
  69  5:13  SCV  
  70  5:14  Supply Depot  
  70  5:16  Marine  
  70  5:17  Supply Depot  
  70  5:18  SCV  
  72  5:22  Marine x2, Combat Shield  
  72  5:25  SCV  
  72  5:27  Orbital Command  
  76  5:34  Marine  
  73  5:39  SCV  
  73  5:40  Marine x2  
  73  5:41  SCV  
  73  5:42  Factory Tech Lab  
  77  5:46  Barracks x3  
  77  5:51  SCV  
  77  5:52  Marine  
  77  5:56  SCV  
  80  5:58  Marine x2  
  80  6:01  Siege Tank  
  85  6:06  Medivac x2  
  85  6:09  SCV, Marine  
  91  6:20  Marine x2  
  91  6:24  SCV x2  
  91  6:25  Terran Infantry Armor Level 1  
  93  6:27  Armory  
  93  6:31  Marine  
  93  6:34  Supply Depot  
  93  6:35  Supply Depot  
  93  6:38  Marine  
  88  6:42  Barracks Reactor x3  
  88  6:43  SCV x3  
  89  6:47  Supply Depot  
  89  6:48  Supply Depot  
  89  6:49  Marine  
  89  6:50  Siege Tank  
  89  6:53  Marine  
  93  6:55  SCV x2, Marine  
  93  7:00  SCV  
  97  7:02  Medivac x2  
  97  7:07  Marine, SCV  
  103  7:09  SCV, Supply Depot  
  103  7:11  Marine  
  103  7:13  Marine  
  105  7:19  SCV  
  105  7:21  Marine  
  106  7:23  Marine  
  106  7:26  Siege Tank  
  110  7:30  Marine x2  
  110  7:32  Marine  
  110  7:35  SCV x2  
  115  7:39  Marine, Refinery  
  115  7:40  Refinery  
  115  7:41  Command Center  
  115  7:43  Supply Depot  
  115  7:44  Marine x2  
  115  7:45  Marine x3, Medivac  
  115  7:50  Marine  
  123  7:52  Marine  
  123  7:56  Marine  
  123  7:57  Marine  
  123  7:58  Medivac  
  126  8:00  SCV  
  126  8:01  Marine  
  126  8:02  Marine  
  126  8:03  Marine x2, Siege Tank  
  128  8:15  SCV  
  123  8:22  Marine x2, Orbital Command  
  123  8:23  Marine  
  123  8:24  Marine  
  123  8:25  SCV  
  113  8:27  Marine x2  
  113  8:29  Marine x3  
  113  8:30  Medivac x2  
  113  8:33  SCV  
  121  8:37  SCV  
  121  8:40  Marine x2  
  123  8:43  Marine  
  123  8:44  Marine, Siege Tank  
  123  8:45  SCV, Marine  
  127  8:49  SCV x2  
  127  8:50  Marine  
  130  8:57  Marine, SCV, Supply Depot  
  130  8:59  Marine  
  130  9:01  SCV x2  
  135  9:09  SCV  
Show
View Real Time Build Order
Export as new Build Order

HateMe Zerg 

Build Orders: Hatch First 

Get SALT Encoding   

  12  0:00  Drone  
  13  0:12  Overlord  
  13  0:16  Drone  
  14  0:30  Drone x2  
  16  0:48  Hatchery  
  15  0:51  Drone  
  15  0:55  Drone  
  17  0:58  Drone  
  18  1:09  Extractor  
  17  1:14  Spawning Pool  
  17  1:17  Drone  
  17  1:20  Drone  
  18  1:28  Drone  
  19  1:38  Drone  
  20  1:50  Overlord  
  20  2:01  Queen x2  
  22  2:02  Zergling x4  
  26  2:13  Drone x2, Metabolic Boost  
  28  2:21  Drone  
  28  2:22  Drone  
  30  2:36  Queen  
  31  2:52  Overlord  
  31  2:53  Drone x2  
  31  2:54  Drone  
  31  2:56  Drone  
  35  3:03  Pneumatized Carapace  
  35  3:08  Hatchery  
  35  3:12  Drone x2  
  36  3:16  Queen  
  36  3:19  Overlord  
  38  3:35  Drone x4  
  38  3:36  Drone  
  43  3:42  Baneling Nest  
  43  3:43  Drone x2  
  43  3:44  Drone, Overlord  
  43  3:47  Zergling x2  
  46  3:52  Zergling x6  
  49  3:58  Queen  
  51  4:04  Zergling x6  
  54  4:14  Overlord  
  54  4:15  Drone  
  55  4:17  Drone x2  
  55  4:20  Zergling x4  
  59  4:26  Queen  
  59  4:27  Drone x2  
  59  4:28  Drone x2  
  65  4:35  Drone  
  65  4:36  Evolution Chamber x2  
  64  4:39  Overlord  
  64  4:42  Drone x3  
  67  4:46  Drone  
  67  4:48  Drone  
  67  4:52  Drone  
  70  4:57  Drone, Overlord  
  71  5:00  Drone x2  
  71  5:01  Zerg Ground Armor Level 1  
  71  5:02  Zerg Melee Weapons Level 1  
  71  5:03  Drone  
  71  5:05  Drone  
  75  5:11  Overlord  
  75  5:12  Drone x2  
  77  5:16  Drone x5  
  77  5:18  Drone  
  83  5:25  Extractor  
  83  5:26  Extractor  
  83  5:27  Extractor  
  83  5:28  Extractor  
  79  5:29  Extractor  
  79  5:30  Overlord  
  79  5:31  Drone  
  79  5:32  Drone x4  
  82  5:38  Lair  
  82  5:44  Drone x5  
  82  5:45  Drone  
  82  5:46  Hatchery  
  87  5:54  Overlord x2  
  87  5:55  Zergling x6  
  90  6:03  Zergling x4  
  92  6:06  Zergling x2  
  92  6:07  Zergling x6  
  93  6:19  Zergling x12  
  87  6:26  Baneling x7  
  87  6:28  Zergling x10  
  92  6:34  Zergling x8  
  96  6:40  Centrifical Hooks  
  96  6:44  Zergling x4, Hatchery  
  97  6:48  Burrow  
  97  6:49  Overseer  
  97  6:55  Zergling x10  
  97  6:56  Zerg Melee Weapons Level 2  
  102  7:04  Zerg Ground Armor Level 2  
  102  7:06  Overlord  
  102  7:09  Zergling x4  
  102  7:15  Zergling x6  
  104  7:18  Zergling x2  
  102  7:33  Zergling x4  
  104  7:37  Hydralisk Den  
  104  7:39  Zergling x8  
  104  7:41  Hatchery  
  104  7:50  Zergling x4  
  104  7:59  Zergling x8  
  104  8:02  Hatchery  
  104  8:03  Zergling x2  
  108  8:06  Zergling x6  
  110  8:12  Hydralisk  
  110  8:13  Hydralisk  
  106  8:22  Zergling x2  
  106  8:23  Zergling x4  
  97  8:27  Baneling x6  
  97  8:30  Zergling x12, Baneling Nest  
  83  8:46  Zergling x16  
  88  8:53  Zergling x4  
  90  8:59  Zergling x10  
  95  9:08  Zergling x6  
  95  9:09  Zergling x8  

Tags
 
Add a new tag
Caveats
  • Supply blocks, unpowered buildings, or Contaminate may cause inaccurate times.
  • Supply counts are checked every 10 seconds.